 Dungeon Crawl Stone Soup version 0.31-a0-263-ge8cad7f256 (webtiles) character file.

Game seed: 8831685114647434021

40 Iniera the Stinger (level 3, -6/19 HPs)
             Began as a Deep Elf Venom Mage on July 13, 2023.
             Killed by nerve-wracking pain
             ... invoked by an orc priest
              (14 damage)
             ... on level 2 of the Dungeon.
             The game lasted 00:02:23 (1863 turns).

Iniera the Stinger (Deep Elf Venom Mage)            Turns: 1863, Time: 00:02:23

Health: -6/19      AC:  2    Str:  5    XL:     3   Next: 30%
Magic:  18/18      EV: 13    Int: 21    God:
Gold:   109        SH:  0    Dex: 15    Spells: 2/8 levels left

rFire   . . .        d - +0 long sword
rCold   . . .        (no shield)
rNeg    . . .        a - +0 robe
rPois   +            (no helmet)
rElec   .            (no cloak)
rCorr   .            (no gloves)
SInv    .            (no boots)
Will    .....        (no amulet)
Stlth   +            e - ring of magical power
HPRegen 0.23/turn    c - ring of poison resistance
MPRegen 0.16/turn

%: no passive effects
@: confused
A: no striking features
a: no special abilities


You were on level 2 of the Dungeon.
You visited 1 branch of the dungeon, and saw 2 of its levels.

You collected 109 gold pieces.

Inventory:

Hand Weapons
 d - a +0 long sword (weapon)
Armour
 a - a +0 robe (worn)
Jewellery
 c - a ring of poison resistance (right hand)
 e - a ring of magical power (left hand)
Scrolls
 f - a scroll of fear {unknown}
 j - 2 scrolls of immolation
Potions
 b - 2 potions of magic
 g - a potion of invisibility
 h - a potion of degeneration {unknown}
 i - 2 potions of heal wounds {unknown}
 k - a potion of lignification


   Skills:
 + Level 3.0 Dodging
 + Level 3.0 Stealth
 + Level 3.4 Spellcasting
 + Level 1.1 Conjurations
 - Level 1.1 Transmutations
 + Level 0.9 Air Magic
 + Level 3.5 Poison Magic


You had 2 spell levels left.
You knew the following spells:

 Your Spells              Type           Power      Damage    Failure   Level
a - Sting                 Tmut/Pois      52%        1d5       4%          1
b - Poisonous Vapours     Pois/Air       26%        N/A       8%          2
c - Mephitic Cloud        Conj/Pois/Air  11%        N/A       19%         3

Your spell library contained the following spells:

 Spells                   Type           Power      Damage    Failure   Level
 Olgreb's Toxic Radiance  Pois           18%        N/A       28%         4
 Animate Dead             Necr           3%         N/A       77%         4
 Borgnjor's Vile Clutch   Necr/Erth      1%         N/A       98%         5
 Death Channel            Necr           1%         N/A       100%        6


Dungeon Overview and Level Annotations

Branches:
Dungeon (2/15)

Altars:

Shops:
D:2 [

Annotations:
D:2 2 transporters


Message History

A dart slug comes into view.
A dart slug is nearby!
A dart slug is nearby!
You can't see any susceptible monsters within range! (Use Z to cast anyway.)
You can't see any susceptible monsters within range! (Use Z to cast anyway.)
The sting hits the dart slug.
The dart slug is poisoned.
The dart slug is moderately wounded.
The sting hits the dart slug.
The dart slug looks even sicker.
The dart slug is severely wounded.
You kill the dart slug!
Your Dodging skill increases to level 3!
No target in view!
You can't see any susceptible monsters within range! (Use Z to cast anyway.)
You can't see any susceptible monsters within range! (Use Z to cast anyway.)
You now have 109 gold pieces (gained 10).
Found a potion of lignification.
An orc priest comes into view. It is wielding a +0 short sword.
You start waiting.
Done waiting.
The orc priest shouts!
You hear a shout!
You hear an angry hiss.
An orc comes into view. It is wielding a +0 flail.
An orc comes into view. It is wielding a +0 dagger.
An orc wizard comes into view. It is wielding a +0 dagger.
The orc priest calls down the wrath of Beogh upon you.
Beogh smites you!
Ouch! That really hurt!
You hear a shout!
An orc comes into view. It is wielding a +0 hand axe.
You see here a potion of lignification.
k - a potion of lignification The orc wizard shouts!
You hear an angry hiss.
Okay, then.
An orc priest comes into view. It is wielding a +0 whip.
The orc priest shouts!
The orc wizard gestures at you while chanting.
You are confused.
The orc priest mumbles some strange prayers to Beogh against you.
Pain shoots through your body!
Ouch! That really hurt!
You die...

.........#
~...~....#
.........#
.o.......#
o...oo...#
~.o.o....#
.........#
######.@.#
.........#..#
###...#..#..#
#..#.#..#..#
...#..#..#...
##.###.#...##.#
...........##.# ###
...######.###.####.#
###..........#


You could see 2 orc priests, an orc wizard and 3 orcs.

Vanquished Creatures
  An adder (D:2)
  2 dart slugs
  2 ball pythons (D:1)
  3 bats
  An endoplasm (D:1)
  A giant cockroach (D:1)
  2 goblins (D:1)
  A hobgoblin (D:1)
  4 jackals (D:1)
  3 quokkas
  A frilled lizard (D:1)
  3 kobolds (D:1)
  A rat (D:2)
25 creatures vanquished.

Notes
Turn   | Place    | Note
-------+----------+-------------------------------------------
     0 | D:1      | Iniera the Deep Elf Venom Mage began the quest for the Orb.
     0 | D:1      | Reached XP level 1. HP: 10/10 MP: 6/6
   357 | D:1      | Reached XP level 2. HP: 15/15 MP: 2/8
   535 | D:1      | Learned a level 2 spell: Poisonous Vapours
  1041 | D:1      | Found a faded altar of an unknown god.
  1292 | D:2      | Reached skill level 1 in Conjurations
  1292 | D:2      | Reached XP level 3. HP: 10/19 MP: 4/9
  1367 | D:2      | Found a transporter.
  1367 | D:2      | Found Watose Ydgho's Antique Armour Emporium.
  1404 | D:2      | Found a transporter.
  1603 | D:2      | Learned a level 3 spell: Mephitic Cloud
  1863 | D:2      | Killed from afar by an orc priest

Illustrated notes

Levels and vault maps discovered:
D:1:      evilmike_arrival_crescent, layout_loops_corners,
          hellmonk_ecumenical_altar_prayer_group, chequers_decorated_corner
D:2:      cheibrodos_pilgrimage, layout_basic, serial_shops, shop,
          nicolae_shop_temple_entry_statues_fountains, nicolae_shop_drivethru,
          uniq_terence

Skill      XL: |  1  2  3 |
---------------+----------+-----
Stealth        | 3 |  3.0
Conjurations   | 1 |  1.1
Dodging        | 3 |  3.0
Spellcasting   | |  3.4
Transmutations | |  1.1
Air Magic      | |  0.9
Poison Magic   | |  3.5

Action                     || total
---------------------------++-------
  Melee: Unarmed           ||    27
         Punch             ||     1
   Cast: Sting             ||    51
         Poisonous Vapours ||     2
    Use: Scroll            ||     3
         Potion            ||     2
   Stab: Sleeping          ||     1
 Armour: Robe              ||     7
         Skin              ||     3
  Dodge: Dodged            ||    45

Table legend: (Time is in decaauts)
 A = Elapsed time spent in this place.
 B = Non-inter-level travel time spent in this place.
 C = Inter-level travel time spent in this place.
 D = Time resting spent in this place.
 E = Time spent auto-exploring this place.
 F = Levels seen in this place.
 G = Mean time per level.
                   A        B        C        D        E       F      G
               +--------+--------+--------+--------+--------+-----+--------+
         Total |   1861 |   1836 |     25 |    208 |   1395 |   2 |  930.5 |
       Dungeon |   1861 |   1836 |     25 |    208 |   1395 |   2 |  930.5 |
               +--------+--------+--------+--------+--------+-----+--------+

Top non-repeatable levels by time:
     D:1: 1287 daAuts
     D:2: 574 daAuts
